Predators vs Bruins

Created - February-15-14 at 10:34

Goals
1 2 3 OT1 SO T
Predators 2 0 0 0 3 3
Bruins 2 0 0 0 2 2
Shots
1 2 3 OT1 SO T
Predators 5 9 8 1 6 23
Bruins 7 6 2 1 6 16

1st period

1. Bruins , Andy Greene 7 (Patrice Bergeron, Loui Eriksson) at 7:58
2. Bruins , Logan Couture 30 (Matt Read, Jakob Silfverberg) at 10:38
3. Predators , Valtteri Filppula 2 (Roman Josi, Zbynek Michalek) at 15:07 (SH)
4. Predators , Steven Stamkos 33 (Max Pacioretty) at 18:46

Penalties :
Milan Lucic (BOS) for Tripping (Minor) at 2:39, Deryk Engelland (NSH) for Hooking (Minor) at 4:41, Deryk Engelland (NSH) for Boarding (Minor) at 14:18, Cody Franson (NSH) for Tripping (Minor) at 18:49

2nd period

No Goal

Penalties :
Pierre-Alexandr Parenteau (BOS) for Hooking (Minor) at 1:36, Cody Franson (NSH) for Tripping (Minor) at 5:52, Zdeno Chara (BOS) for Hooking (Minor) at 13:23, Pierre-Alexandr Parenteau (BOS) for Hooking (Minor) at 15:44, Brandon Prust (NSH) for High sticking (Minor) at 15:44

3rd period

No Goal

Penalties :
Zdeno Chara (BOS) for Interference (Minor) at 4:53, Zdeno Chara (BOS) for Interference (Minor) at 10:08, Brandon Prust (NSH) for Elbowing (Minor) at 12:19, Milan Lucic (BOS) for Roughing (Minor) at 19:03

Overtime #1

No Goal

Penalties :
No Penalty

Shootout

Penalty Shot by Steven Stamkos for Predators - Stopped by Tuukka Rask
Penalty Shot by Pierre-Alexandr Parenteau for Bruins - Goal!
Penalty Shot by Max Pacioretty for Predators - Stopped by Tuukka Rask
Penalty Shot by Logan Couture for Bruins - Stopped by Pekka Rinne
Penalty Shot by Derick Brassard for Predators - Goal!
Penalty Shot by Brad Marchand for Bruins - Stopped by Pekka Rinne
Penalty Shot by Nicklas Backstrom for Predators - Goal!
Penalty Shot by Patrice Bergeron for Bruins - Goal!
Penalty Shot by Colin Wilson for Predators - Shot Misses the Net
Penalty Shot by Loui Eriksson for Bruins - Stopped by Pekka Rinne
Penalty Shot by T.J. Oshie for Predators - Goal!
Penalty Shot by Jakob Silfverberg for Bruins - Stopped by Pekka Rinne

Penalties :
No Penalty

Goalie Stats

Pekka Rinne (NSH), 14 saves from 16 shots - (0.875), W, 29-17-2, 65:00 minutes
Tuukka Rask (BOS), 21 saves from 23 shots - (0.913), OTL, 29-17-3, 65:00 minutes

Players Stats for Predators

Player Name              G  A  P  +/- PIM S  H  SB GA TA FO     MP     PP MP  PK MP  
------------------------------------------------------------------------------------
Ben Eager                0  0  0   0  0   0  1  0  0  0  0/0     2:30   0:00   0:00 
Brandon Prust            0  0  0   1  4   1  0  0  0  0  0/0     5:06   0:00   2:38 
Cody Franson             0  0  0   0  4   0  4  0  0  0  0/0    24:14   4:31   0:00 
Colin Wilson             0  0  0   0  0   1  0  0  0  0  1/3    14:57   0:00   0:20 
Derick Brassard          0  0  0   0  0   3  0  0  0  0  6/15   20:26   6:20   0:36 
Deryk Engelland          0  0  0   1  4   0  1  0  0  0  0/0    14:45   0:00   3:03 
Jeff Petry               0  0  0  -1  0   1  0  2  0  0  0/0    12:48   4:31   1:50 
Justin Abdelkader        0  0  0   0  0   1  2  0  0  0  8/14    8:57   0:00   6:27 
Max Pacioretty           0  1  1  -1  0   3  2  0  0  0  0/1    23:07   6:27   0:00 
Nicklas Backstrom        0  0  0   0  0   1  1  0  0  0  13/20  21:04   6:27   0:00 
Patric Hornqvist         0  0  0   0  0   1  1  0  0  0  0/0    18:36   6:27   0:00 
Roman Josi               0  1  1   1  0   0  0  2  0  0  0/0    22:31   0:00   5:02 
Steven Stamkos           1  0  1  -1  0   5  3  1  0  0  13/22  18:01   4:24   0:00 
T.J. Oshie               0  0  0  -1  0   2  0  0  0  0  1/3    17:17   4:24   0:00 
Tuomo Ruutu              0  0  0   0  0   0  0  0  0  0  0/3    16:10   0:00   6:27 
Valtteri Filppula        1  0  1   1  0   3  0  1  0  0  1/1    18:13   4:24   3:22 
Zach Bogosian            0  0  0  -2  0   1  3  4  0  0  0/0    24:58   6:20   4:53 
Zbynek Michalek          0  1  1   1  0   0  0  0  0  0  0/0    24:20   0:00   5:02 

Players Stats for Bruins

Player Name              G  A  P  +/- PIM S  H  SB GA TA FO     MP     PP MP  PK MP  
------------------------------------------------------------------------------------
Andy Greene              1  0  1   0  0   2  0  1  0  0  0/0    24:16   4:11   3:55 
Brad Marchand            0  0  0   0  0   2  0  0  0  0  0/0    20:27   6:05   1:30 
Braydon Coburn           0  0  0   0  0   0  0  0  0  0  0/0    12:04   0:00   0:00 
Chris Kelly              0  0  0   0  0   0  0  0  0  0  11/23  18:34   0:00   7:12 
David Krejci             0  0  0  -1  0   1  0  0  0  0  8/17   16:29   0:00   3:39 
Dennis Seidenberg        0  0  0   0  0   0  1  4  0  0  0/0    22:25   0:00   7:59 
Dougie Hamilton          0  0  0   0  0   2  0  0  0  0  0/0    19:36   4:11   0:00 
Jakob Silfverberg        0  1  1   1  0   0  0  0  0  0  0/1     4:57   0:00   0:00 
Johnny Boychuk           0  0  0   0  0   0  0  1  0  0  0/0    16:22   0:00   6:21 
Logan Couture            1  0  1   0  0   2  0  0  0  0  1/1    18:57   3:50   0:00 
Loui Eriksson            0  1  1   1  0   2  0  0  0  0  0/1    19:03   0:00   7:07 
Matt Read                0  1  1   0  0   0  0  0  0  0  3/9    11:02   6:05   0:00 
Milan Lucic              0  0  0   0  4   1  4  0  0  0  1/4    18:20   3:50   2:14 
Patrice Bergeron         0  1  1   1  0   2  2  1  0  0  15/24  16:42   3:50   0:56 
Pierre-Alexandr Parentea 0  0  0  -2  4   1  3  0  0  0  0/1    18:53   6:05   0:00 
Reilly Smith             0  0  0   0  0   1  0  0  0  0  0/1    11:29   0:00   0:07 
Torey Krug               0  0  0   0  0   0  0  1  0  0  0/0    12:05   5:44   1:52 
Zdeno Chara              0  0  0   0  6   0  2  4  0  0  0/0    24:19   5:44   3:41 

3 Stars

1 - Valtteri Filppula (NSH)
2 - Steven Stamkos (NSH)
3 - Andy Greene (BOS)

Power Play

Predators - 0 on 6 Attempt(s) - 0.00%
Bruins - 0 on 5 Attempt(s) - 0.00%

Penalty Kill

Predators - 5 on 5 Attempt(s) - 100.00% - Score 1 goal in Penalty Kill
Bruins - 6 on 6 Attempt(s) - 100.00% - Score 0 goal in Penalty Kill

Official

Referees : Brian Pochmara and Brad Watson
Linesman : Jonny Murray and Brian Mach

Game Notes

No Game Note

Finance

Level 1 -- Attendance: 4906 (75.48%) -- Ticket Income $539,660
Level 2 -- Attendance: 4837 (96.74%) -- Ticket Income $362,775
Level 3 -- Attendance: 3423 (97.80%) -- Ticket Income $191,688
Level 4 -- Attendance: 1565 (100.00%) -- Ticket Income $62,600
Luxury Box -- Attendance: 1000 (100.00%) -- Ticket Income $199,000
Game was played at the TD Garden
Total Attendance: 15731 (89.56%)
Total Ticket Income: $1,355,723
Other Income: $203,358
Total Income: $1,559,081


% Time on Ice - Predators

Lines # - Real PCT - Wanted PCT - Time Play
Normal Forward
1 - 35% - 38% - 12:53
2 - 33% - 34% - 12:09
3 - 26% - 26% - 9:43
4 - 7% - 2% - 2:30
Normal Defense
1 - 28% - 35% - 10:27
2 - 45% - 32% - 16:46
3 - 25% - 27% - 9:14
4 - 2% - 6% - 0:48
PP Forward
1 - 59% - 60% - 6:27
2 - 41% - 40% - 4:24
PP Defense
1 - 58% - 60% - 6:20
2 - 42% - 40% - 4:31
PK Forward
1 - 66% - 60% - 6:33
2 - 34% - 40% - 3:22
PK Defense
1 - 51% - 60% - 5:02
2 - 49% - 40% - 4:53
PK3 Forward
1 - 0% - 60%
2 - 0% - 40%
PK3 Defense
1 - 0% - 60%
2 - 0% - 40%
44 Forward
1 - 65% - 60% - 4:31
2 - 35% - 40% - 2:28
44 Defense
1 - 53% - 60% - 3:41
2 - 47% - 40% - 3:18
Last Minute Offensive  - 0:00
Last Minute Defensive  - 0:00
Total
Forward - 65:00
Defense - 65:00

% Time on Ice - Bruins

Lines # - Real PCT - Wanted PCT - Time Play
Normal Forward
1 - 34% - 40% - 12:50
2 - 32% - 30% - 11:56
3 - 31% - 20% - 11:22
4 - 3% - 10% - 1:07
Normal Defense
1 - 31% - 40% - 11:35
2 - 33% - 30% - 12:20
3 - 27% - 20% - 10:01
4 - 9% - 10% - 3:19
PP Forward
1 - 61% - 60% - 6:05
2 - 39% - 40% - 3:50
PP Defense
1 - 58% - 60% - 5:44
2 - 42% - 40% - 4:11
PK Forward
1 - 71% - 60% - 7:44
2 - 29% - 40% - 3:07
PK Defense
1 - 68% - 60% - 7:22
2 - 32% - 40% - 3:29
PK3 Forward
1 - 89% - 60% - 0:56
2 - 11% - 40% - 0:07
PK3 Defense
1 - 41% - 60% - 0:26
2 - 59% - 40% - 0:37
44 Forward
1 - 80% - 60% - 4:46
2 - 20% - 40% - 1:10
44 Defense
1 - 65% - 60% - 3:50
2 - 35% - 40% - 2:06
Last Minute Offensive  - 0:00
Last Minute Defensive  - 0:00
Total
Forward - 65:00
Defense - 65:00

Play by Play

1st period


0:01 of 1st period - Steven Stamkos wins face-off versus David Krejci in neutral zone.
1:11 of 1st period - Cody Franson is hit by Pierre-Alexandr Parenteau and loses puck.
1:32 of 1st period - Roman Josi is hit by Patrice Bergeron and loses puck.
1:51 of 1st period - Shot by Patrice Bergeron.
1:51 of 1st period - Shot Misses the Net.
1:53 of 1st period - Shot by Patrice Bergeron.
1:53 of 1st period - Stopped by Pekka Rinne without a rebound.
1:54 of 1st period - Chris Kelly wins face-off versus Tuomo Ruutu in Predators zone.
2:02 of 1st period - Derick Brassard is hit by Milan Lucic and loses puck.
2:21 of 1st period - Zbynek Michalek is hit by Milan Lucic and loses puck.
2:39 of 1st period - Minor Penalty to Milan Lucic for Tripping.
2:40 of 1st period - T.J. Oshie wins face-off versus Chris Kelly in Bruins zone.
2:45 of 1st period - Shot by Steven Stamkos.
2:45 of 1st period - Stopped by Tuukka Rask without a rebound.
2:46 of 1st period - Chris Kelly wins face-off versus Nicklas Backstrom in Bruins zone.
2:57 of 1st period - Chris Kelly is hit by Patric Hornqvist.
3:01 of 1st period - Patric Hornqvist is hit by Zdeno Chara and loses puck.
3:12 of 1st period - Shot by Nicklas Backstrom.
3:12 of 1st period - Shot Blocked by Zdeno Chara.
3:14 of 1st period - Shot by Zach Bogosian.
3:14 of 1st period - Shot Misses the Net.
3:16 of 1st period - Shot by Derick Brassard.
3:16 of 1st period - Shot Misses the Net.
3:44 of 1st period - Shot by Steven Stamkos.
3:44 of 1st period - Shot Misses the Net.
3:50 of 1st period - Shot by Cody Franson.
3:50 of 1st period - Shot Misses the Net.
3:52 of 1st period - Shot by Steven Stamkos.
3:52 of 1st period - Stopped by Tuukka Rask without a rebound.
3:53 of 1st period - Nicklas Backstrom wins face-off versus David Krejci in Bruins zone.
4:41 of 1st period - Minor Penalty to Deryk Engelland for Hooking.
4:42 of 1st period - Patrice Bergeron wins face-off versus Justin Abdelkader in Predators zone.
4:54 of 1st period - Icing by Logan Couture.
4:55 of 1st period - Justin Abdelkader wins face-off versus Patrice Bergeron in Bruins zone.
5:07 of 1st period - Off-side.
5:08 of 1st period - Justin Abdelkader wins face-off versus Matt Read in neutral zone.
5:46 of 1st period - Shot by Matt Read.
5:46 of 1st period - Shot Blocked by Jeff Petry.
5:48 of 1st period - Shot by Zdeno Chara.
5:48 of 1st period - Shot Misses the Net.
6:27 of 1st period - Off-side.
6:28 of 1st period - Patrice Bergeron wins face-off versus Justin Abdelkader in neutral zone.
6:31 of 1st period - Shot by Dougie Hamilton.
6:31 of 1st period - Stopped by Pekka Rinne without a rebound.
6:32 of 1st period - Patrice Bergeron wins face-off versus Tuomo Ruutu in Predators zone.
6:35 of 1st period - Shot by Dougie Hamilton.
6:35 of 1st period - Shot Blocked by Roman Josi.
6:37 of 1st period - Shot by Logan Couture.
6:37 of 1st period - Stopped by Pekka Rinne without a rebound.
6:38 of 1st period - Justin Abdelkader wins face-off versus Matt Read in Predators zone.
6:44 of 1st period - Icing by Dennis Seidenberg.
6:45 of 1st period - Steven Stamkos wins face-off versus Milan Lucic in Bruins zone.
6:51 of 1st period - Off-side.
6:52 of 1st period - Steven Stamkos wins face-off versus David Krejci in neutral zone.
7:25 of 1st period - Shot by Steven Stamkos.
7:25 of 1st period - Shot Misses the Net.
7:35 of 1st period - Shot by Pierre-Alexandr Parenteau.
7:35 of 1st period - Deflect By David Krejci.
7:35 of 1st period - Shot Misses the Net.
7:56 of 1st period - Shot by Patrice Bergeron.
7:56 of 1st period - Shot Blocked by Zach Bogosian.
7:58 of 1st period - Shot by Andy Greene.
7:58 of 1st period - Goal by Andy Greene - Predators : 0 - Bruins : 1.
7:59 of 1st period - Nicklas Backstrom wins face-off versus Chris Kelly in neutral zone.
9:52 of 1st period - Shot by Loui Eriksson.
9:52 of 1st period - Shot Misses the Net.
9:54 of 1st period - Shot by Dennis Seidenberg.
9:54 of 1st period - Shot Misses the Net.
9:56 of 1st period - Shot by Brad Marchand.
9:56 of 1st period - Stopped by Pekka Rinne without a rebound.
9:57 of 1st period - David Krejci wins face-off versus T.J. Oshie in Predators zone.
10:09 of 1st period - Icing by Zach Bogosian.
10:10 of 1st period - Logan Couture wins face-off versus Steven Stamkos in Predators zone.
10:38 of 1st period - Shot by Logan Couture.
10:38 of 1st period - Goal by Logan Couture - Predators : 0 - Bruins : 2.
10:39 of 1st period - Patrice Bergeron wins face-off versus Derick Brassard in neutral zone.
12:09 of 1st period - Icing by Pierre-Alexandr Parenteau.
12:10 of 1st period - Steven Stamkos wins face-off versus David Krejci in Bruins zone.
12:20 of 1st period - Icing by Zdeno Chara.
12:21 of 1st period - Steven Stamkos wins face-off versus David Krejci in Bruins zone.
12:34 of 1st period - Zbynek Michalek is hit by Zdeno Chara and loses puck.
13:16 of 1st period - Loui Eriksson is hit by Cody Franson.
13:29 of 1st period - Off-side.
13:30 of 1st period - Chris Kelly wins face-off versus Derick Brassard in neutral zone.
14:06 of 1st period - Shot by Derick Brassard.
14:06 of 1st period - Stopped by Tuukka Rask without a rebound.
14:07 of 1st period - Steven Stamkos wins face-off versus David Krejci in Bruins zone.
14:17 of 1st period - Dougie Hamilton is hit by Deryk Engelland and loses puck.
14:18 of 1st period - Minor Penalty to Deryk Engelland for Boarding.
14:19 of 1st period - Matt Read wins face-off versus Justin Abdelkader in Predators zone.
15:07 of 1st period - Shot by Valtteri Filppula.
15:07 of 1st period - Goal by Valtteri Filppula - Predators : 1 - Bruins : 2.
15:08 of 1st period - Milan Lucic wins face-off versus Justin Abdelkader in neutral zone.
15:08 of 1st period - Milan Lucic is hit by Justin Abdelkader.
16:14 of 1st period - Shot by Matt Read.
16:14 of 1st period - Shot Blocked by Valtteri Filppula.
16:16 of 1st period - Shot by Brad Marchand.
16:16 of 1st period - Shot Misses the Net.
16:18 of 1st period - Shot by Zdeno Chara.
16:18 of 1st period - Shot Blocked by Jeff Petry.
17:37 of 1st period - Icing by David Krejci.
17:38 of 1st period - Justin Abdelkader wins face-off versus David Krejci in Bruins zone.
17:58 of 1st period - Shot by David Krejci.
17:58 of 1st period - Deflect By Pierre-Alexandr Parenteau.
17:58 of 1st period - Shot Misses the Net.
18:00 of 1st period - Shot by David Krejci.
18:00 of 1st period - Stopped by Pekka Rinne without a rebound.
18:01 of 1st period - Nicklas Backstrom wins face-off versus Patrice Bergeron in Predators zone.
18:24 of 1st period - Off-side.
18:25 of 1st period - David Krejci wins face-off versus T.J. Oshie in neutral zone.
18:46 of 1st period - Shot by Max Pacioretty.
18:46 of 1st period - Deflect By Steven Stamkos.
18:46 of 1st period - Goal by Steven Stamkos - Predators : 2 - Bruins : 2.
18:47 of 1st period - Patrice Bergeron wins face-off versus Nicklas Backstrom in neutral zone.
18:49 of 1st period - Minor Penalty to Cody Franson for Tripping.
18:50 of 1st period - Justin Abdelkader wins face-off versus Matt Read in Predators zone.
19:54 of 1st period - Icing by Dougie Hamilton.
19:55 of 1st period - Patrice Bergeron wins face-off versus Tuomo Ruutu in Bruins zone.
Goals for this period are 2 for Predators vs 2 for Bruins.
Shots for this period are 5 for Predators vs 7 for Bruins.

2nd period


0:01 of 2nd period - Justin Abdelkader wins face-off versus Matt Read in neutral zone.
0:22 of 2nd period - Pierre-Alexandr Parenteau is hit by Justin Abdelkader and loses puck.
1:08 of 2nd period - Max Pacioretty is hit by Milan Lucic and loses puck.
1:29 of 2nd period - Shot by Max Pacioretty.
1:29 of 2nd period - Stopped by Tuukka Rask without a rebound.
1:30 of 2nd period - David Krejci wins face-off versus Nicklas Backstrom in Bruins zone.
1:35 of 2nd period - Zbynek Michalek is hit by Pierre-Alexandr Parenteau.
1:36 of 2nd period - Minor Penalty to Pierre-Alexandr Parenteau for Hooking.
1:37 of 2nd period - Nicklas Backstrom wins face-off versus Chris Kelly in Bruins zone.
1:52 of 2nd period - Shot by Patric Hornqvist.
1:52 of 2nd period - Deflect By Max Pacioretty.
1:52 of 2nd period - Stopped by Tuukka Rask without a rebound.
1:53 of 2nd period - Steven Stamkos wins face-off versus Chris Kelly in Bruins zone.
2:06 of 2nd period - Shot by Jeff Petry.
2:06 of 2nd period - Stopped by Tuukka Rask without a rebound.
2:07 of 2nd period - Chris Kelly wins face-off versus Nicklas Backstrom in Bruins zone.
2:46 of 2nd period - Shot by Patric Hornqvist.
2:46 of 2nd period - Stopped by Tuukka Rask with a rebound.
3:02 of 2nd period - Shot by Steven Stamkos.
3:02 of 2nd period - Deflect By Valtteri Filppula.
3:02 of 2nd period - Stopped by Tuukka Rask without a rebound.
3:03 of 2nd period - Steven Stamkos wins face-off versus Chris Kelly in Bruins zone.
3:14 of 2nd period - Shot by Steven Stamkos.
3:14 of 2nd period - Shot Misses the Net.
3:16 of 2nd period - Shot by Steven Stamkos.
3:16 of 2nd period - Stopped by Tuukka Rask without a rebound.
3:17 of 2nd period - Chris Kelly wins face-off versus Steven Stamkos in Bruins zone.
3:38 of 2nd period - Shot by Justin Abdelkader.
3:38 of 2nd period - Stopped by Tuukka Rask without a rebound.
3:39 of 2nd period - Colin Wilson wins face-off versus Patrice Bergeron in Bruins zone.
4:52 of 2nd period - Icing by Logan Couture.
4:53 of 2nd period - David Krejci wins face-off versus Steven Stamkos in Bruins zone.
4:53 of 2nd period - Logan Couture is hit by Steven Stamkos and loses puck.
5:11 of 2nd period - T.J. Oshie is hit by Dennis Seidenberg and loses puck.
5:15 of 2nd period - Icing by Dennis Seidenberg.
5:16 of 2nd period - David Krejci wins face-off versus Derick Brassard in Bruins zone.
5:24 of 2nd period - Shot by Pierre-Alexandr Parenteau.
5:24 of 2nd period - Stopped by Pekka Rinne without a rebound.
5:25 of 2nd period - Patrice Bergeron wins face-off versus Steven Stamkos in Predators zone.
5:52 of 2nd period - Minor Penalty to Cody Franson for Tripping.
5:53 of 2nd period - Matt Read wins face-off versus Justin Abdelkader in Predators zone.
6:54 of 2nd period - Shot by Dougie Hamilton.
6:54 of 2nd period - Shot Misses the Net.
7:57 of 2nd period - Shot by Milan Lucic.
7:57 of 2nd period - Shot Blocked by Steven Stamkos.
7:59 of 2nd period - Shot by Johnny Boychuk.
7:59 of 2nd period - Shot Misses the Net.
8:22 of 2nd period - Icing by Johnny Boychuk.
8:23 of 2nd period - Nicklas Backstrom wins face-off versus Chris Kelly in Bruins zone.
9:27 of 2nd period - Off-side.
9:28 of 2nd period - Patrice Bergeron wins face-off versus Derick Brassard in neutral zone.
9:37 of 2nd period - Shot by Patrice Bergeron.
9:37 of 2nd period - Stopped by Pekka Rinne without a rebound.
9:38 of 2nd period - Patrice Bergeron wins face-off versus Steven Stamkos in Predators zone.
10:01 of 2nd period - Icing by Zdeno Chara.
10:02 of 2nd period - Patrice Bergeron wins face-off versus Derick Brassard in Bruins zone.
11:15 of 2nd period - Shot by Steven Stamkos.
11:15 of 2nd period - Shot Blocked by Dennis Seidenberg.
11:25 of 2nd period - Cody Franson is hit by Pierre-Alexandr Parenteau and loses puck.
11:45 of 2nd period - Shot by Colin Wilson.
11:45 of 2nd period - Shot Misses the Net.
12:28 of 2nd period - Shot by Milan Lucic.
12:28 of 2nd period - Stopped by Pekka Rinne without a rebound.
12:29 of 2nd period - Derick Brassard wins face-off versus Patrice Bergeron in Predators zone.
12:35 of 2nd period - Tuomo Ruutu is hit by Patrice Bergeron and loses puck.
12:56 of 2nd period - Shot by Brad Marchand.
12:56 of 2nd period - Shot Misses the Net.
12:58 of 2nd period - Shot by Loui Eriksson.
12:58 of 2nd period - Stopped by Pekka Rinne without a rebound.
12:59 of 2nd period - Chris Kelly wins face-off versus Steven Stamkos in Predators zone.
13:16 of 2nd period - Shot by Max Pacioretty.
13:16 of 2nd period - Stopped by Tuukka Rask without a rebound.
13:17 of 2nd period - Justin Abdelkader wins face-off versus Patrice Bergeron in Bruins zone.
13:23 of 2nd period - Minor Penalty to Zdeno Chara for Hooking.
13:24 of 2nd period - Nicklas Backstrom wins face-off versus Chris Kelly in Bruins zone.
13:27 of 2nd period - Shot by Nicklas Backstrom.
13:27 of 2nd period - Shot Misses the Net.
13:34 of 2nd period - Icing by Zach Bogosian.
13:35 of 2nd period - Nicklas Backstrom wins face-off versus Chris Kelly in Predators zone.
15:44 of 2nd period - Minor Penalty to Pierre-Alexandr Parenteau for Hooking.
15:44 of 2nd period - Minor Penalty to Brandon Prust for High sticking.
15:45 of 2nd period - Derick Brassard wins face-off versus Jakob Silfverberg in neutral zone.
15:54 of 2nd period - Shot by Derick Brassard.
15:54 of 2nd period - Stopped by Tuukka Rask without a rebound.
15:55 of 2nd period - Matt Read wins face-off versus Derick Brassard in Bruins zone.
15:57 of 2nd period - Icing by Andy Greene.
15:58 of 2nd period - Derick Brassard wins face-off versus Matt Read in Bruins zone.
17:43 of 2nd period - Shot by Torey Krug.
17:43 of 2nd period - Shot Blocked by Zach Bogosian.
17:45 of 2nd period - Shot by Loui Eriksson.
17:45 of 2nd period - Stopped by Pekka Rinne without a rebound.
17:46 of 2nd period - David Krejci wins face-off versus Justin Abdelkader in Predators zone.
18:03 of 2nd period - Shot by Justin Abdelkader.
18:03 of 2nd period - Shot Blocked by Zdeno Chara.
18:25 of 2nd period - Shot by Brandon Prust.
18:25 of 2nd period - Shot Misses the Net.
18:27 of 2nd period - Shot by Brandon Prust.
18:27 of 2nd period - Shot Blocked by Zdeno Chara.
18:45 of 2nd period - Shot by Brad Marchand.
18:45 of 2nd period - Shot Misses the Net.
18:50 of 2nd period - Brad Marchand is hit by Cody Franson and loses puck.
18:53 of 2nd period - Shot by Brad Marchand.
18:53 of 2nd period - Stopped by Pekka Rinne without a rebound.
18:54 of 2nd period - Derick Brassard wins face-off versus Milan Lucic in Predators zone.
Goals for this period are 0 for Predators vs 0 for Bruins.
Shots for this period are 9 for Predators vs 6 for Bruins.

3rd period


0:01 of 3rd period - David Krejci wins face-off versus Nicklas Backstrom in neutral zone.
0:23 of 3rd period - Shot by Colin Wilson.
0:23 of 3rd period - Shot Misses the Net.
0:54 of 3rd period - Icing by Zbynek Michalek.
0:55 of 3rd period - Patrice Bergeron wins face-off versus Colin Wilson in Predators zone.
1:07 of 3rd period - Icing by Dennis Seidenberg.
1:08 of 3rd period - Steven Stamkos wins face-off versus Patrice Bergeron in Bruins zone.
1:44 of 3rd period - Shot by Loui Eriksson.
1:44 of 3rd period - Deflect By Brad Marchand.
1:44 of 3rd period - Shot Blocked by Roman Josi.
1:59 of 3rd period - Off-side.
2:00 of 3rd period - Derick Brassard wins face-off versus Pierre-Alexandr Parenteau in neutral zone.
2:08 of 3rd period - Dougie Hamilton is hit by Zach Bogosian.
2:20 of 3rd period - Shot by Pierre-Alexandr Parenteau.
2:20 of 3rd period - Shot Misses the Net.
2:25 of 3rd period - Logan Couture is hit by Zach Bogosian and loses puck.
2:55 of 3rd period - Reilly Smith is hit by Zach Bogosian and loses puck.
3:00 of 3rd period - Shot by Reilly Smith.
3:00 of 3rd period - Stopped by Pekka Rinne without a rebound.
3:01 of 3rd period - Patrice Bergeron wins face-off versus Colin Wilson in Predators zone.
3:19 of 3rd period - Shot by Brad Marchand.
3:19 of 3rd period - Shot Misses the Net.
4:39 of 3rd period - Deryk Engelland is hit by Milan Lucic and loses puck.
4:53 of 3rd period - Minor Penalty to Zdeno Chara for Interference.
4:54 of 3rd period - Steven Stamkos wins face-off versus Loui Eriksson in Bruins zone.
4:55 of 3rd period - Shot by Zach Bogosian.
4:55 of 3rd period - Shot Blocked by Johnny Boychuk.
4:57 of 3rd period - Shot by Zach Bogosian.
4:57 of 3rd period - Stopped by Tuukka Rask without a rebound.
4:58 of 3rd period - Steven Stamkos wins face-off versus Chris Kelly in Bruins zone.
5:08 of 3rd period - Off-side.
5:09 of 3rd period - Nicklas Backstrom wins face-off versus Chris Kelly in neutral zone.
6:00 of 3rd period - Shot by Cody Franson.
6:00 of 3rd period - Shot Blocked by Dennis Seidenberg.
6:02 of 3rd period - Shot by T.J. Oshie.
6:02 of 3rd period - Stopped by Tuukka Rask without a rebound.
6:03 of 3rd period - Steven Stamkos wins face-off versus Chris Kelly in Bruins zone.
6:29 of 3rd period - Shot by Steven Stamkos.
6:29 of 3rd period - Stopped by Tuukka Rask without a rebound.
6:30 of 3rd period - Nicklas Backstrom wins face-off versus David Krejci in Bruins zone.
6:51 of 3rd period - Shot by Derick Brassard.
6:51 of 3rd period - Shot Blocked by Dennis Seidenberg.
7:01 of 3rd period - Logan Couture is hit by Ben Eager and loses puck.
7:22 of 3rd period - Shot by Brandon Prust.
7:22 of 3rd period - Shot Blocked by Zdeno Chara.
7:24 of 3rd period - Shot by Brandon Prust.
7:24 of 3rd period - Stopped by Tuukka Rask without a rebound.
7:25 of 3rd period - Patrice Bergeron wins face-off versus Derick Brassard in Bruins zone.
8:32 of 3rd period - Logan Couture is hit by Cody Franson and loses puck.
8:42 of 3rd period - Pierre-Alexandr Parenteau is hit by Cody Franson and loses puck.
9:12 of 3rd period - Icing by Johnny Boychuk.
9:13 of 3rd period - Chris Kelly wins face-off versus Steven Stamkos in Bruins zone.
9:32 of 3rd period - Icing by Steven Stamkos.
9:33 of 3rd period - Steven Stamkos wins face-off versus Patrice Bergeron in Predators zone.
9:38 of 3rd period - Shot by T.J. Oshie.
9:38 of 3rd period - Stopped by Tuukka Rask without a rebound.
9:39 of 3rd period - Nicklas Backstrom wins face-off versus Patrice Bergeron in Bruins zone.
9:52 of 3rd period - Shot by Colin Wilson.
9:52 of 3rd period - Shot Blocked by Torey Krug.
9:58 of 3rd period - Shot by Nicklas Backstrom.
9:58 of 3rd period - Shot Blocked by Patrice Bergeron.
10:08 of 3rd period - Shot by Colin Wilson.
10:08 of 3rd period - Stopped by Tuukka Rask without a rebound.
10:08 of 3rd period - Minor Penalty to Zdeno Chara for Interference.
10:09 of 3rd period - Chris Kelly wins face-off versus Max Pacioretty in Bruins zone.
10:09 of 3rd period - Chris Kelly is hit by Nicklas Backstrom.
10:22 of 3rd period - Off-side.
10:23 of 3rd period - Chris Kelly wins face-off versus Steven Stamkos in neutral zone.
10:45 of 3rd period - Dennis Seidenberg is hit by Steven Stamkos and loses puck.
11:12 of 3rd period - Icing by Nicklas Backstrom.
11:13 of 3rd period - Nicklas Backstrom wins face-off versus David Krejci in Predators zone.
12:03 of 3rd period - Andy Greene is hit by Steven Stamkos and loses puck.
12:19 of 3rd period - Minor Penalty to Brandon Prust for Elbowing.
12:20 of 3rd period - Justin Abdelkader wins face-off versus Patrice Bergeron in Predators zone.
12:33 of 3rd period - Shot by Zdeno Chara.
12:33 of 3rd period - Shot Misses the Net.
13:24 of 3rd period - Shot by Pierre-Alexandr Parenteau.
13:24 of 3rd period - Shot Blocked by Zach Bogosian.
13:26 of 3rd period - Shot by Brad Marchand.
13:26 of 3rd period - Shot Misses the Net.
13:28 of 3rd period - Shot by Brad Marchand.
13:28 of 3rd period - Shot Blocked by Zach Bogosian.
13:30 of 3rd period - Shot by Dougie Hamilton.
13:30 of 3rd period - Stopped by Pekka Rinne without a rebound.
13:31 of 3rd period - Valtteri Filppula wins face-off versus Matt Read in Predators zone.
14:50 of 3rd period - Shot by Milan Lucic.
14:50 of 3rd period - Shot Misses the Net.
14:56 of 3rd period - Braydon Coburn is hit by Max Pacioretty and loses puck.
15:32 of 3rd period - Shot by Patric Hornqvist.
15:32 of 3rd period - Deflect By Colin Wilson.
15:32 of 3rd period - Shot Misses the Net.
16:15 of 3rd period - Shot by Valtteri Filppula.
16:15 of 3rd period - Stopped by Tuukka Rask without a rebound.
16:16 of 3rd period - Patrice Bergeron wins face-off versus Steven Stamkos in Bruins zone.
17:07 of 3rd period - Shot by Valtteri Filppula.
17:07 of 3rd period - Deflect By Derick Brassard.
17:07 of 3rd period - Stopped by Tuukka Rask without a rebound.
17:08 of 3rd period - David Krejci wins face-off versus Nicklas Backstrom in Bruins zone.
17:27 of 3rd period - Shot by Pierre-Alexandr Parenteau.
17:27 of 3rd period - Shot Misses the Net.
18:21 of 3rd period - Icing by Valtteri Filppula.
18:22 of 3rd period - Chris Kelly wins face-off versus Derick Brassard in Predators zone.
19:03 of 3rd period - Minor Penalty to Milan Lucic for Roughing.
19:04 of 3rd period - Chris Kelly wins face-off versus Nicklas Backstrom in Bruins zone.
19:35 of 3rd period - Icing by Max Pacioretty.
19:36 of 3rd period - Nicklas Backstrom wins face-off versus Chris Kelly in Predators zone.
Goals for this period are 0 for Predators vs 0 for Bruins.
Shots for this period are 8 for Predators vs 2 for Bruins.

Overtime #1


0:01 of 1st overtime period - Patrice Bergeron wins face-off versus Derick Brassard in neutral zone.
0:12 of 1st overtime period - Dennis Seidenberg is hit by Max Pacioretty and loses puck.
0:17 of 1st overtime period - Shot by Max Pacioretty.
0:17 of 1st overtime period - Shot Blocked by Dennis Seidenberg.
0:55 of 1st overtime period - Shot by Nicklas Backstrom.
0:55 of 1st overtime period - Stopped by Tuukka Rask without a rebound.
0:56 of 1st overtime period - Derick Brassard wins face-off versus Reilly Smith in Bruins zone.
1:11 of 1st overtime period - Shot by Andy Greene.
1:11 of 1st overtime period - Stopped by Pekka Rinne with a rebound.
3:21 of 1st overtime period - Shot by Derick Brassard.
3:21 of 1st overtime period - Shot Blocked by Andy Greene.
3:40 of 1st overtime period - Icing by Zach Bogosian.
3:41 of 1st overtime period - Nicklas Backstrom wins face-off versus Milan Lucic in Predators zone.
4:53 of 1st overtime period - Shot by Matt Read.
4:53 of 1st overtime period - Shot Misses the Net.
Goals for this period are 0 for Predators vs 0 for Bruins.
Shots for this period are 1 for Predators vs 1 for Bruins.

ShootOut


5:00 of 1st overtime period - Penalty Shot by Steven Stamkos for Predators.
5:00 of 1st overtime period - Stopped by Tuukka Rask.
5:00 of 1st overtime period - Penalty Shot by Pierre-Alexandr Parenteau for Bruins.
5:00 of 1st overtime period - Goal by Pierre-Alexandr Parenteau.
5:00 of 1st overtime period - Penalty Shot by Max Pacioretty for Predators.
5:00 of 1st overtime period - Stopped by Tuukka Rask.
5:00 of 1st overtime period - Penalty Shot by Logan Couture for Bruins.
5:00 of 1st overtime period - Stopped by Pekka Rinne.
5:00 of 1st overtime period - Penalty Shot by Derick Brassard for Predators.
5:00 of 1st overtime period - Goal by Derick Brassard.
5:00 of 1st overtime period - Penalty Shot by Brad Marchand for Bruins.
5:00 of 1st overtime period - Stopped by Pekka Rinne.
5:00 of 1st overtime period - Penalty Shot by Nicklas Backstrom for Predators.
5:00 of 1st overtime period - Goal by Nicklas Backstrom.
5:00 of 1st overtime period - Penalty Shot by Patrice Bergeron for Bruins.
5:00 of 1st overtime period - Goal by Patrice Bergeron.
5:00 of 1st overtime period - Penalty Shot by Colin Wilson for Predators.
5:00 of 1st overtime period - Shot Misses the Net.
5:00 of 1st overtime period - Penalty Shot by Loui Eriksson for Bruins.
5:00 of 1st overtime period - Stopped by Pekka Rinne.
5:00 of 1st overtime period - Penalty Shot by T.J. Oshie for Predators.
5:00 of 1st overtime period - Goal by T.J. Oshie.
5:00 of 1st overtime period - Penalty Shot by Jakob Silfverberg for Bruins.
5:00 of 1st overtime period - Stopped by Pekka Rinne.


Output by the SimonT Hockey Simulator (STHS) for Stephane Roy -- Original Page W3C XHTML 1.0 Valid
Hockey Simulator - Hockey Simulation - Hockey Manager